Map: Nightscape LE

Players

Massa

  • Race: Terran Terran
  • League: Platinum
  • Spawn Location: 7:00

qqq

  • Race: Zerg Zerg
  • Spawn Location: 7:00

uNikal - Winner!

  • Race: Zerg Zerg
  • League: Diamond
  • Spawn Location: 1:00

Lama - Winner!

  • Race: Terran Terran
  • Spawn Location: 1:00

VOD

Have the link to the VOD?

Description

Time

  • Played on: Oct. 3, 2020, 4:41 p.m.
  • Length: 6:35
Show
View Real Time Build Order
Export as new Build Order

Massa Terran 

Build Orders:  

Get SALT Encoding   

  12  0:00  SCV  
  13  0:12  SCV  
  14  0:22  Supply Depot  
  14  0:25  SCV  
  15  0:44  SCV  
  15  0:45  Barracks  
  16  0:51  Refinery  
  16  0:56  SCV  
  17  1:08  SCV  
  18  1:20  SCV  
  20  1:33  Orbital Command  
  20  1:36  Reaper  
  20  1:41  Command Center  
  20  1:59  SCV  
  21  2:08  Marine  
  22  2:16  Factory  
  22  2:17  Supply Depot  
  22  2:39  Barracks Reactor  
  22  2:48  SCV  
  23  2:52  Supply Depot  
  23  2:56  Command Center  
  23  3:00  SCV  
  23  3:06  Orbital Command  
  23  3:12  SCV  
  23  3:24  SCV  
  24  3:29  Starport  
  24  3:35  Marine  
  24  3:36  SCV  
  26  3:42  SCV  
  26  3:45  Hellion x2  
  31  3:48  SCV  
  31  3:53  Marine  
  31  3:54  SCV  
  34  4:01  SCV  
  35  4:06  SCV  
  36  4:24  Supply Depot  
  36  4:25  Supply Depot  
  36  4:27  Supply Depot  
  35  4:32  Supply Depot  
  35  4:33  Hellion x2  
  35  4:34  Marine, Supply Depot  
  35  4:38  Barracks  
  40  4:40  Viking  
  39  4:51  Marine  
  40  4:52  Bunker  
  40  4:54  Hellion x2  
  38  5:09  Marine  
  38  5:10  Medivac  
  35  5:15  Hellion  
  35  5:19  Hellion  
  26  5:27  Marine  
  26  5:34  Barracks  
  25  5:36  Barracks  
  25  5:37  Hellion  
  25  5:38  Barracks  
  25  5:39  Barracks  
  25  5:52  Hellion  
  25  6:01  SCV  
  24  6:05  SCV  
Show
View Real Time Build Order
Export as new Build Order

qqq Zerg 

Build Orders: Hatch First 

Get SALT Encoding   

  12  0:02  Drone  
  13  0:09  Drone  
  14  0:37  Hatchery  
  14  0:42  Drone  
  14  0:55  Spawning Pool  
  13  1:03  Overlord  
  13  1:10  Drone  
  14  1:22  Drone  
  14  1:23  Extractor, Drone  
  15  1:27  Drone  
  16  1:36  Drone  
  17  1:42  Queen  
  19  1:47  Drone  
  19  1:51  Drone  
  21  1:58  Drone  
  21  2:00  Drone  
  23  2:09  Drone  
  23  2:22  Queen  
  25  2:23  Drone x2  
  25  2:25  Metabolic Boost  
  27  2:31  Overlord  
  27  2:34  Zergling x2  
  28  2:47  Overlord  
  28  2:51  Drone x2  
  30  2:52  Zergling x4  
  30  2:53  Zergling x2  
  33  3:10  Drone, Zergling x4  
  33  3:11  Drone  
  37  3:18  Zergling x2  
  38  3:25  Drone  
  39  3:29  Lair  
  39  3:33  Drone  
  40  3:34  Roach Warren  
  39  3:51  Zergling x2  
  39  3:52  Zergling x6  
  39  3:53  Drone  
  44  3:57  Overlord  
  44  4:01  Overlord  
  44  4:22  Roach x5, Baneling Nest  
  53  4:30  Roach x2  
  53  4:31  Zergling x6  
  59  4:51  Overlord x2  
  59  4:52  Overlord x3  
  42  5:08  Roach x2  
  42  5:09  Roach  
  38  5:18  Roach  
  38  5:19  Roach  
  42  5:27  Hatchery  
  41  5:30  Roach  
  35  5:45  Roach x2  
  35  5:46  Zergling x4  
  35  5:47  Zergling x2  
  38  5:52  Roach  
  38  5:53  Zergling x6  
  38  5:55  Zergling x2  
  36  5:59  Extractor  
Show
View Real Time Build Order
Export as new Build Order

uNikal Zerg - Winner!

Build Orders: Hatch First, Zergling Baneling 

Get SALT Encoding   

  12  0:00  Drone  
  13  0:08  Drone  
  13  0:13  Extractor  
  13  0:16  Drone  
  15  0:41  Hatchery  
  14  0:45  Overlord  
  14  0:57  Extractor, Drone  
  15  1:04  Drone x2  
  15  1:08  Extractor  
  15  1:09  Drone  
  17  1:19  Spawning Pool  
  17  1:20  Drone  
  17  1:30  Drone  
  18  1:40  Drone  
  19  1:51  Drone  
  20  2:07  Zergling x4  
  22  2:09  Queen  
  22  2:11  Queen  
  22  2:12  Metabolic Boost  
  26  2:21  Overlord  
  26  2:29  Drone x2  
  28  2:53  Overlord  
  28  2:56  Drone  
  28  2:57  Drone, Baneling Nest  
  29  3:10  Zergling x8  
  32  3:15  Overlord  
  31  3:22  Zergling x2  
  31  3:23  Zergling x12  
  38  3:29  Zergling x2  
  39  3:34  Zergling x2  
  40  3:42  Zergling x2  
  41  3:54  Zergling x14  
  48  4:07  Baneling x8  
  48  4:08  Baneling x2  
  48  4:11  Zergling x8  
  51  4:35  Zergling x2  
  49  4:51  Baneling  
  49  4:52  Baneling x4  
  45  5:04  Zergling x2  
  45  5:05  Zergling x24  
  43  5:20  Zergling x2  
  42  5:30  Zergling x2  
  42  5:31  Zergling x4  
  45  5:40  Zergling x2  
  45  5:41  Zergling x10  
  50  5:50  Hatchery, Zergling x2  
  50  5:59  Baneling  
  50  6:00  Baneling x3  
  50  6:01  Baneling  
Show
View Real Time Build Order
Export as new Build Order

Lama Terran - Winner!

Build Orders:  

Get SALT Encoding   

  12  0:01  SCV  
  13  0:13  SCV  
  14  0:19  Supply Depot  
  14  0:25  SCV  
  15  0:40  SCV  
  15  0:41  Barracks  
  16  0:52  SCV  
  16  0:53  Refinery  
  17  1:04  SCV  
  18  1:17  SCV  
  19  1:20  Barracks  
  19  1:29  Supply Depot  
  19  1:33  SCV  
  19  1:38  Barracks Tech Lab  
  20  1:45  SCV  
  21  1:52  Marine  
  22  1:57  SCV  
  22  1:58  Refinery  
  23  2:12  Barracks Reactor  
  23  2:13  Barracks Reactor  
  23  2:21  SCV  
  24  2:28  Barracks  
  24  2:30  Engineering Bay  
  24  2:33  SCV, Engineering Bay  
  25  2:55  Orbital Command, Supply Depot  
  25  2:56  Supply Depot  
  25  2:57  Marine x3  
  25  2:58  Marine  
  29  3:02  Terran Infantry Weapons Level 1  
  29  3:10  Terran Infantry Armor Level 1  
  29  3:15  Marine  
  30  3:20  Marine x2  
  32  3:34  Marine  
  32  3:35  Marine  
  34  3:45  Barracks Reactor  
  34  3:50  Marine x2  
  34  3:52  Marine x2  
  37  4:08  Barracks Tech Lab  
  37  4:13  Barracks  
  37  4:16  Marine x2  
  39  4:18  Supply Depot  
  39  4:36  Marine x5  
  44  4:41  Supply Depot  
  44  4:50  Combat Shield  
  44  4:54  Marine x2  
  44  5:25  Marine x5  
  46  5:42  Marine  
  46  5:43  Marine x3  
  49  5:57  Marine  
  49  6:00  Marine x2  
Tags
 
Add a new tag
Caveats
  • Supply blocks, unpowered buildings, or Contaminate may cause inaccurate times.
  • Supply counts are checked every 10 seconds.